 Dungeon Crawl Stone Soup version 0.21-a0-529-g8c7b3f5 (webtiles) character file.

59 slep the Chopper (level 4, 0/23 HPs)
             Began as a Vine Stalker Gladiator on Dec 12, 2017.
             Slain by a wight
             ... wielding a +0 long sword
              (5 damage)
             ... on level 2 of the Dungeon.
             The game lasted 00:04:41 (1207 turns).

slep the Chopper (Vine Stalker Gladiator)           Turns: 1207, Time: 00:04:41

Health: 0/23       AC:  4    Str: 17    XL:     4   Next: 3%
Magic:  0/5        EV: 12    Int:  8    God:
Gold:   75         SH:  0    Dex: 16    Spells: 3/3 levels left

rFire    . . .     SeeInvis .   a - +0 war axe
rCold    . . .     Gourm    .   (no shield)
rNeg     . . .     Faith    .   b - +0 leather armour
rPois    .         Spirit   +   c - +0 helmet
rElec    .         Reflect  .   (no cloak)
rCorr    .         Harm     .   (no gloves)
MR       .....                  (no boots)
Stlth    ++........             m - amulet of inaccuracy (curse)
HPRegen  0.47/turn              l - ring of wizardry
MPRegen  0.09/turn              u - ring of stealth

@: drained
A: fangs 2, regeneration 1, magic shield, antimagic bite, no potion heal 3, rot
immunity
a: no special abilities


You were on level 2 of the Dungeon.
You were not hungry.

You visited 1 branch of the dungeon, and saw 2 of its levels.

You collected 75 gold pieces.

Inventory:

Hand Weapons
 a - a +0 war axe (weapon)
Missiles
 d - 2 throwing nets (quivered)
 t - a tomahawk
Armour
 b - a +0 leather armour (worn)
 c - a +0 helmet (worn)
Jewellery
 l - a ring of wizardry (left hand)
 m - a cursed amulet of inaccuracy (around neck)
 u - a ring of stealth (right hand)
Wands
 x - a wand of digging (4)
Scrolls
 n - a scroll of identify {unknown}
 p - a scroll of enchant weapon {unknown}
 q - a scroll of enchant armour {unknown}
 v - a scroll of remove curse {unknown}
 w - a scroll of immolation {unknown}
 y - a scroll of fog {unknown}
Potions
 e - a potion of brilliance {unknown}
 h - 2 potions of heal wounds {unknown}
 i - a potion of degeneration {unknown}
 k - 2 potions of mutation {unknown}
 o - a potion of berserk rage {unknown}
 s - 2 potions of ambrosia {unknown}
Comestibles
 f - 2 bread rations
 g - 6 fruits
 j - a royal jelly
 r - a meat ration
 z - 2 chunks of flesh


   Skills:
 + Level 2.1(1.3) Fighting
 + Level 3.3(2.5) Axes
 + Level 1.9(1.2) Throwing
 + Level 0.9(0.2) Armour
 + Level 2.9(2.1) Dodging
 + Level 0.4(0.0) Stealth


You had 3 spell levels left.
You didn't know any spells.

Dungeon Overview and Level Annotations

Branches:
Dungeon (2/15)

Altars:
Gozag


Innate Abilities, Weirdness & Mutations

You have extremely sharp teeth.
Your natural rate of healing is unusually fast.
When hurt, damage is shared between your health and your magic reserves.
Your bite disrupts and absorbs the magic of your enemies.
Potions cannot restore your health.
You are immune to rotting.


Message History

Aim: a wight, wielding a long sword and wearing a glowing robe (severely damaged)
You throw a throwing net. The throwing net hits the wight.
The wight is caught in the net!
The wight is severely damaged.
The wight struggles against the net.
You hit the wight but do no damage. Your bite misses the wight.
The wight is severely damaged.
The wight struggles against the net.
You hit the wight.
The wight is almost destroyed.
The wight struggles against the net. x2
You hit the wight but do no damage. You bite the wight. You drain its power.
You feel invigorated.
The wight is almost destroyed.
The wight struggles against the net.
The net rips apart, and the wight comes free!
You barely miss the wight.
The wight is almost destroyed.
The wight hits you with a long sword!
You die...

#.# #......#.....# #.#
#......#[..†.# ## #.#
#......#.†...# .# #.#
#......###'### #####.#
##+###.###.# # # .##.# #.(z#.# #
# .##.# #.#z#.# # # ....#
.zz#z#.# # # .######
#####@#.############## ##.....zz
#.#............... .........
#...............##
##############################.#
......................##...#...#
#####################.##.#.#.###
#........# ###.##.### #....#


You could see 3 wights.

Vanquished Creatures
  2 adders (D:2)
  A dart slug (D:1)
  2 leopard geckos (D:1)
  5 bats
  A giant cockroach (D:1)
  5 goblins
  4 hobgoblins
  4 jackals (D:2)
  5 kobolds
  3 frilled lizards
  3 rats
35 creatures vanquished.

Notes
Turn   | Place    | Note
-------+----------+-------------------------------------------
     0 | D:1      | slep the Vine Stalker Gladiator began the quest for the Orb.
     0 | D:1      | Reached XP level 1. HP: 11/11 MP: 2/2
   146 | D:1      | Reached XP level 2. HP: 12/15 MP: 1/3
   460 | D:1      | Reached skill level 3 in Axes
   665 | D:2      | Found an opulent altar of Gozag.
   701 | D:2      | Reached XP level 3. HP: 16/18 MP: 4/4
  1163 | D:2      | Gained mutation: Your natural rate of healing is unusually fast. [Vine Stalker growth]
  1163 | D:2      | Reached XP level 4. HP: 18/23 MP: 3/5
  1201 | D:2      | HP: 1/23 [wight/long sword (6)]
  1207 | D:2      | Slain by a wight

Vault maps used:
D:1:      scummos_arrival_simple_fountains, glass_columns_a
D:2:      nicolae_overflow_hidden_temple, nicolae_gozag_seed_capital,
          uniq_sigmund

Skill      XL: |  1  2 |
---------------+-------+-----
Fighting       | 2 |  2.1
Axes           | 3 |  3.3
Throwing       | |  1.9
Armour         | |  0.9
Dodging        | |  2.9
Stealth        | |  0.4

Action                   |  1- 3 |  4- 6 || total
-------------------------+-------+-------++-------
Melee: War axe           |   116 |    18 ||   134
       Bite              |    21 |     6 ||    27
Throw: Throwing net      |       |     1 ||     1
       Tomahawk          |       |     1 ||     1
 Stab: Sleeping          |     3 |       ||     3
  Eat: Chunk             |     1 |       ||     1
Armor: Leather armour    |    40 |     2 ||    42
Dodge: Dodged            |   109 |    10 ||   119

Table legend:
 A = Spawn XP
 B = Non-spawn XP
 C = Spawn XP percentage of total XP
 D = Spawn monster count
 E = Non-spawn monster count
 F = Spawn count percentage of total count
 G = Total turns spent on level
                    A         B        C        D         E        F      G
               +---------+---------+-------+---------+---------+-------+---------
         Total |       0 |      85 |   0.0 |       0 |      35 |   0.0 |  1207
               +---------+---------+-------+---------+---------+-------+---------
           D:1 |       0 |      29 |   0.0 |       0 |      14 |   0.0 |   656
           D:2 |       0 |      56 |   0.0 |       0 |      21 |   0.0 |   551
               +---------+---------+-------+---------+---------+-------+---------
